 Dungeon Crawl Stone Soup version 0.29-a0-1039-gfc20370e89 (webtiles) character file.

Game seed: 8025157584207576273

598 PentaManta the Grappler (level 7, 0/57 HPs)
             Began as a Ghoul Monk on Aug 15, 2022.
             Was a Believer of Okawaru.
             Killed from afar by Pikel (4 damage)
             ... with a bolt of light
             ... on level 5 of the Dungeon.
             The game lasted 00:06:42 (4264 turns).

PentaManta the Grappler (Ghoul Monk)                Turns: 4264, Time: 00:06:43

Health: 0/57       AC: 12    Str: 17    XL:     7   Next: 40%
Magic:  0/6        EV: 10    Int:  5    God:    Okawaru [**....]
Gold:   276        SH:  0    Dex: 11    Spells: 6/6 levels left

rFire   . . .      SeeInvis .     - Unarmed
rCold   + . .      Faith    .   (no shield)
rNeg    + + +      Spirit   +   v - +3 scale mail
rPois   ∞          Reflect  .   y - +0 helmet
rElec   .          Harm     .   j - +1 cloak
rCorr   .          Rampage  .   (no gloves)
Will    .....                   (no boots)
Stlth   ..........              n - amulet of guardian spirit
HPRegen 0.00/turn               (no ring)
MPRegen 0.10/turn               (no ring)

@: inhibited regen
A: claws 1, cold resistance 1, negative energy resistance 3, inhibited
regeneration, torment resistance 2, devour on kill
a: Renounce Religion, Heroism


You were on level 5 of the Dungeon.
You worshipped Okawaru.
Okawaru was pleased with you.
You visited 1 branch of the dungeon, and saw 5 of its levels.

You collected 276 gold pieces.

Inventory:

Armour
 a - a +0 robe
 j - a +1 cloak (worn)
 k - a +0 leather armour
 s - a +0 scale mail
 v - a +3 scale mail (worn)
 w - a +0 pair of gloves
 y - a +0 helmet (worn)
Jewellery
 n - an amulet of guardian spirit (around neck)
Scrolls
 c - a scroll of noise {unknown}
 d - a scroll of acquirement {unknown}
 g - a scroll of fear {unknown}
 h - a scroll of enchant armour {unknown}
 l - a scroll of vulnerability {unknown}
 p - a scroll of enchant weapon {unknown}
 q - a scroll of poison {unknown}
 r - a scroll of immolation {unknown}
 u - a scroll of fog {unknown}
Potions
 b - a potion of ambrosia
 e - 2 potions of berserk rage {unknown}
 f - 2 potions of resistance {unknown}
 i - 2 potions of attraction {unknown}
 m - a potion of mutation {unknown}
 o - 2 potions of might {unknown}
 t - a potion of heal wounds {unknown}
 x - 2 potions of magic {unknown}


   Skills:
 - Level 3.2 Fighting
 - Level 2.6 Dodging
 - Level 2.1 Stealth
 + Level 9.1 Unarmed Combat


You had 6 spell levels left.
You didn't know any spells.
Your spell library contained the following spells:

 Spells                   Type           Power      Damage    Failure   Level
 Apportation              Tloc           0%         N/A       89%         1
 Necrotise                Necr           0%         1d4       89%         1
 Anguish                  Hex/Necr       0%         N/A       100%        4
 Passage of Golubria      Tloc           0%         N/A       100%        4
 Yara's Violent Unravell  Hex/Tmut       0%         3d3       100%        5
 Enfeeble                 Hex            0%         N/A       100%        7
 Summon Small Mammal      Summ           Unusable   N/A       N/A         1
 Tukima's Dance           Hex            Unusable   N/A       N/A         3
 Summon Ice Beast         Ice/Summ       Unusable   N/A       N/A         4
 Summon Mana Viper        Hex/Summ       Unusable   N/A       N/A         5
 Monstrous Menagerie      Summ           Unusable   N/A       N/A         7

Dungeon Overview and Level Annotations

Branches:
Dungeon (5/15)
 Temple: D:4-7

Altars:
Dithmenos
Gozag
Okawaru

Annotations:
D:5 Pikel


Innate Abilities, Weirdness & Mutations

You are immune to poison.
You have sharp fingernails.
Your flesh is cold resistant. (rC+)
You are immune to negative energy. (rN+++)
You do not regenerate when monsters are visible.
You are immune to unholy pain and torment.
You thrive by killing the living.


Message History

The lemure shouts!
An adder comes into view.
There is an open door here.
You barely miss Pikel. Pikel completely misses you.
You claw Pikel!
Pikel is moderately wounded.
Pikel hits you with a +2 whip of flaming.
Pikel burns you.
You scratch Pikel.
Pikel is moderately wounded.
Pikel zaps a wand.
The bolt of light hits you.
You barely miss Pikel.
Pikel is moderately wounded.
Pikel zaps a wand.
The bolt of light hits you!
You completely miss Pikel.
Pikel is moderately wounded.
You claw Pikel!
Pikel is severely wounded.
The lemure hits you.
Pikel hits you with a +2 whip of flaming.
Pikel burns you.
You barely miss Pikel.
Pikel is severely wounded.
The lemure hits you!
Pikel zaps a wand.
The bolt of light hits you!
* * * LOW HITPOINT WARNING * * *
You closely miss Pikel.
Pikel is severely wounded.
You hear a shout!
Pikel zaps a wand.
The bolt of light hits you.
You are confused.
* * * LOW HITPOINT WARNING * * *
The lemure hits you.
* * * LOW HITPOINT WARNING * * *
You bump into the stone wall.
The lemure barely misses you. Pikel misses you.
You bump into the rock wall.
You feel less confused. The lemure hits you.
* * * LOW HITPOINT WARNING * * *
Pikel zaps a wand.
The bolt of light hits you.
You die...

...........'......≈≈≈≈≈≈≈.≈≈≈≈≈≈≈
...))####'####.....#......#######
...).#.......#.....##...###
#..)##.......##....######
#<..'.........'.....#
...##.........##....#
'#.#...........#....#
.#####.......###.5.## ...#
#'#...#'# #@5..# ..##
####...##K..# ..+ #......'..##
.## #.....K##..# .# #...... ..#
## '...... ..# #...... ..#
#....$. ..# #....5. .##


You could see Pikel and 2 lemures.

Vanquished Creatures
  An ogre (D:2)
  A lemure (D:4)
  Blork the orc (D:4)
  A bullfrog (D:4)
  A jelly (D:5)
  An orc wizard (D:4)
  Natasha (thrice) (D:2)
  8 adders
  8 gnolls
  2 worms
  2 dart slugs
  7 orcs
  11 ball pythons
  5 endoplasms
  4 giant cockroaches
  11 goblins
  4 hobgoblins
  9 jackals (D:1)
  2 quokkas
  6 bats
  5 frilled lizards
  10 kobolds
  3 rats
106 creatures vanquished.

Vanquished Creatures (others)
  3 fungi (D:2)
  8 plants (D:2)
  3 withered plants (D:5)
14 creatures vanquished.

Grand Total: 120 creatures vanquished

Notes
Turn   | Place    | Note
-------+----------+-------------------------------------------
     0 | D:1      | PentaManta the Ghoul Monk began the quest for the Orb.
     0 | D:1      | Reached XP level 1. HP: 19/19 MP: 0/0
   120 | D:1      | Reached XP level 2. HP: 24/26 MP: 1/1
   125 | D:1      | Reached skill level 4 in Unarmed Combat
   563 | D:1      | Reached XP level 3. HP: 29/31 MP: 2/2
  1015 | D:1      | Reached skill level 5 in Unarmed Combat
  1120 | D:2      | Reached XP level 4. HP: 35/38 MP: 3/3
  1197 | D:2      | Found a faded altar of an unknown god.
  1379 | D:2      | Noticed Natasha
  1386 | D:2      | Killed Natasha
  1387 | D:2      | Reached skill level 6 in Unarmed Combat
  1387 | D:2      | Reached XP level 5. HP: 36/45 MP: 4/4
  1486 | D:2      | Noticed Natasha
  1499 | D:2      | Killed Natasha
  1595 | D:2      | Noticed Natasha
  1607 | D:2      | Killed Natasha
  1747 | D:2      | Noticed an ogre
  1894 | D:2      | Killed an ogre
  1895 | D:2      | Reached skill level 7 in Unarmed Combat
  1895 | D:2      | Reached XP level 6. HP: 21/51 MP: 1/5
  2244 | D:3      | You fall into a shaft and drop 1 floor!
  2827 | D:4      | Reached skill level 8 in Unarmed Combat
  3221 | D:4      | Reached XP level 7. HP: 31/57 MP: 3/6
  3486 | D:4      | Noticed Blork the orc
  3496 | D:4      | Killed Blork the orc
  3634 | D:4      | Found an iron altar of Okawaru.
  3642 | D:4      | Became a worshipper of Warmaster Okawaru
  3642 | D:4      | Reached * piety under Okawaru
  3642 | D:4      | Reached ** piety under Okawaru
  3704 | D:5      | Entered Level 5 of the Dungeon
  3713 | D:5      | Noticed Pikel
  3928 | D:5      | Reached skill level 9 in Unarmed Combat
  4144 | D:5      | Found an opulent altar of Gozag.
  4192 | D:5      | Found a shadowy altar of Dithmenos.
  4264 | D:5      | Killed from afar by Pikel

Illustrated notes

Levels and vault maps discovered:
D:1:      heliophobic_arrival_battle_scene, layout_loops_ring, st_stairs_7,
          minivault_4, chequers_serial_rivers_micro_a
D:2:      layout_rooms, shapermc_ecumenical_altar_mp_urbaneastern,
          minmay_crystal_water, uniq_natasha
D:3:      layout_rooms
D:4:      layout_basic, mainiacjoe_overflow_small_starburst, old_standard_altar,
          uniq_blork_the_orc
D:5:      nicolae_cairo_tiling_very_big, layout_gridville, minitemple,
          nicolae_overflow_hidden_temple, nicolae_overflow_two_pavilions,
          temple_green, serial_undead, serial_undead_d, serial_undead_a,
          serial_undead_f, serial_undead_c, uniq_pikel

Skill      XL: |  1  2  3  4  5  6  7 |
---------------+----------------------+-----
Unarmed Combat | 4 5 6 7 8 9 |  9.1
Fighting       | |  3.2
Dodging        | |  2.6
Stealth        | |  2.1

Action                   |  1- 3 |  4- 6 |  7- 9 || total
-------------------------+-------+-------+-------++-------
Melee: Unarmed           |   141 |   159 |    56 ||   356
       Punch             |     4 |     4 |     3 ||    11
 Stab: Sleeping          |     6 |     1 |       ||     7
Armor: Robe              |     7 |       |       ||     7
       Leather armour    |    34 |    54 |       ||    88
       Scale mail        |       |    20 |    11 ||    31
Dodge: Dodged            |   101 |   103 |    27 ||   231

Table legend: (Time is in decaauts)
 A = Elapsed time spent in this place.
 B = Non-inter-level travel time spent in this place.
 C = Inter-level travel time spent in this place.
 D = Time resting spent in this place.
 E = Time spent auto-exploring this place.
 F = Levels seen in this place.
 G = Mean time per level.
                   A        B        C        D        E       F      G
               +--------+--------+--------+--------+--------+-----+--------+
         Total |   4222 |   4104 |    118 |    285 |   2963 |   5 |  844.4 |
       Dungeon |   4222 |   4104 |    118 |    285 |   2963 |   5 |  844.4 |
               +--------+--------+--------+--------+--------+-----+--------+

Top non-repeatable levels by time:
     D:2: 1148 daAuts
     D:4: 1114 daAuts
     D:1: 1074 daAuts
     D:3: 514 daAuts
     D:5: 370 daAuts
